 Dungeon Crawl Stone Soup version 0.29-a0-477-g62b78b4225 (webtiles) character file.

Game seed: 14393189279965806939

19 lesaewzxc the Sneak (level 2, -1/15 HPs)
             Began as a Kobold Enchanter on May 23, 2022.
             Slain by a hobgoblin (3 damage)
             ... on level 2 of the Dungeon on May 24, 2022.
             The game lasted 00:06:05 (392 turns).

lesaewzxc the Sneak (Kobold Enchanter)               Turns: 392, Time: 00:06:06

Health: -1/15      AC:  9    Str:  5    XL:     2   Next: 95%
Magic:  5/5        EV: 15    Int: 16    God:
Gold:   0          SH:  0    Dex: 15    Spells: 5/5 levels left

rFire   . . .      SeeInvis .   e - +2 mace (protect)
rCold   . . .      Faith    .   (no shield)
rNeg    . . .      Spirit   .   b - +0 robe
rPois   .          Reflect  .   (no helmet)
rElec   .          Harm     .   (no cloak)
rCorr   .          Rampage  .   (no gloves)
Will    .....                   (no boots)
Stlth   ++++......              (no amulet)
HPRegen 0.05/turn               (no ring)
MPRegen 0.09/turn               (no ring)

@: under a protective aura
A: small, no large weapons, nightstalker 3
a: no special abilities


You were on level 2 of the Dungeon.
You visited 1 branch of the dungeon, and saw 2 of its levels.

Inventory:

Hand Weapons
 a - a +1 dagger
 e - a +2 mace of protection (weapon)
Armour
 b - a +0 robe (worn)
Scrolls
 d - a scroll of poison {unknown}
Potions
 c - 2 potions of invisibility


   Skills:
 + Level 2.0 Short Blades
 + Level 2.8 Dodging
 + Level 4.3 Stealth
 + Level 2.4 Spellcasting
 + Level 3.2 Hexes


You had 5 spell levels left.
You didn't know any spells.
Your spell library contained the following spells:

 Spells                   Type           Power      Damage    Failure   Level
 Ensorcelled Hibernation  Hex/Ice        14%        N/A       16%         2
 Confusing Touch          Hex            12%        N/A       16%         3
 Tukima's Dance           Hex            12%        N/A       16%         3
 Dazzling Flash           Conj/Hex       14%        N/A       30%         3


Dungeon Overview and Level Annotations

Branches:
Dungeon (2/15)

Altars:


Innate Abilities, Weirdness & Mutations

You are small and have problems with some larger weapons.
You are completely attuned to the shadows.


Message History

The goblin barely misses you.
You closely miss the goblin.
The goblin is severely wounded.
The goblin hits you with a +0 club. The goblin barely misses you.
You closely miss the goblin.
The goblin is severely wounded.
The goblin hits you with a +0 club.
* * * LOW HITPOINT WARNING * * *
You hit the goblin.
Your weapon exudes an aura of protection.
You kill the goblin!
Welcome back, lesaewzxc the Kobold Enchanter.
Press ? for a list of commands and other information.
A goblin comes into view. It is wielding a +0 dagger.
The goblin shouts!
Found a stone staircase leading down.
You closely miss the goblin. The goblin hits you with a +0 dagger.
* * * LOW HITPOINT WARNING * * *
The goblin closely misses you.
You hit the goblin.
Your weapon exudes an aura of protection.
You kill the goblin!
Your Short Blades skill increases to level 2!
Things that are here:
a +0 dagger; a goblin corpse A goblin comes into view.
It is wielding a +0 club.
The goblin shouts!
You hear a shout!
The goblin unwields a +0 club.
The goblin wields a +0 hunting sling.
The goblin shoots a sling bullet.
The sling bullet barely misses you.
A hobgoblin comes into view.
The hobgoblin shouts!
The goblin shoots a sling bullet.
The sling bullet hits you.
* * * LOW HITPOINT WARNING * * *
The goblin unwields a +0 hunting sling.
The goblin wields a +0 club.
The goblin hits you but does no damage.
You hit the goblin.
Your weapon exudes an aura of protection.
You kill the goblin!
The hobgoblin hits you.
You die...

#.#### #.#
#.# #.# #.#
#.# #.#
###########.#
#..g@.......#
#.###########


You could see a hobgoblin.

Vanquished Creatures
  A dart slug (D:2)
  A bat (D:1)
  An endoplasm (D:1)
  5 goblins
  A hobgoblin (D:1)
  3 kobolds
  A quokka (D:1)
  A ball python (D:1)
  A frilled lizard (D:1)
15 creatures vanquished.

Notes
Turn   | Place    | Note
-------+----------+-------------------------------------------
     0 | D:1      | lesaewzxc the Kobold Enchanter began the quest for the Orb.
     0 | D:1      | Reached XP level 1. HP: 10/10 MP: 3/3
   135 | D:1      | Reached XP level 2. HP: 9/15 MP: 5/5
   351 | D:2      | Upgraded the game from 0.29-a0-474-gdfe5cd140f to
                  | 0.29-a0-477-g62b78b4225
   392 | D:2      | Slain by a hobgoblin

Illustrated notes

Levels and vault maps discovered:
D:1:      minmay_arrival_five_plusses, layout_basic, minivault_27
D:2:      minmay_razor_zed, layout_loops_ring, serial_shops,
          nicolae_shop_hallway_plus, minmay_pentomino_r2

Skill      XL: |  1  2 |
---------------+-------+-----
Short Blades   | 2 |  2.0
Dodging        | |  2.8
Stealth        | |  4.3
Spellcasting   | |  2.4
Hexes          | |  3.2

Action                   || total
-------------------------++-------
Melee: Dagger            ||    19
       Mace              ||    15
  Use: Potion            ||     3
 Stab: Sleeping          ||     6
Armor: Robe              ||     7
Dodge: Dodged            ||    28

Table legend: (Time is in decaauts)
 A = Elapsed time spent in this place.
 B = Non-inter-level travel time spent in this place.
 C = Inter-level travel time spent in this place.
 D = Time resting spent in this place.
 E = Time spent auto-exploring this place.
 F = Levels seen in this place.
 G = Mean time per level.
                   A        B        C        D        E       F      G
               +--------+--------+--------+--------+--------+-----+--------+
         Total |    395 |    326 |     69 |      0 |     51 |   2 |  197.5 |
       Dungeon |    395 |    326 |     69 |      0 |     51 |   2 |  197.5 |
               +--------+--------+--------+--------+--------+-----+--------+

Top non-repeatable levels by time:
     D:1: 312 daAuts
     D:2: 82 daAuts
